AoeStats
← Michi3052

Arena

505577123Analyzed
1v1 RM · 23d ago on Sep 10, 2026· 44m 21s· 2 players
Game mode
Random Map
Map size
Tiny (2 player)
Population
200
Speed
Normal
Resources
Standard
Victory
Conquest
Starting age
Dark Age
Ending age
Imperial Age
RankedLock teamsTeams togetherTeam positionsShared explorationLock speedFull tech treeHidden civsTurbo modeCheats
Victory
Defeat
🇪🇸 Turks · Spain
676
+20
🇺🇸 Britons · United States
772
-20
Michi3052
12:09 Feudal Age
14:38 Double-Bit Axe
16:35 Wheelbarrow
19:09 Castle Age
18:29 Horse Collar
21:58 Gold Mining
27:48 Imperial Age
25:11 Fletching
25:22 Padded Archer Armor
26:59 Heavy Plow
28:12 Gold Shaft Mining
29:31 Loom
31:29 Ballistics
34:26 Leather Archer Armor
34:07 Bodkin Arrow
34:36 Bow Saw
43:34 Ring Archer Armor
43:05 Bracer
Jason
10:29 Feudal Age
12:13 Double-Bit Axe
12:26 Double-Bit Axe
13:47 Horse Collar
14:03 Fletching
16:15 Castle Age
15:27 Padded Archer Armor
15:37 Scale Mail Armor
18:05 Bow Saw
17:54 Bodkin Arrow
22:57 Wheelbarrow
24:43 Pikeman
25:54 Forging
25:59 Chain Mail Armor
26:19 Leather Archer Armor
28:15 Ballistics
31:33 Imperial Age
30:06 Gold Mining
31:34 Iron Casting
32:02 Crossbowman
33:39 Ring Archer Armor
34:57 Masonry
37:04 Arbalester
38:33 Fortified Wall
39:39 Chemistry
38:42 Arbalester
Connection lost

Rejoining the realm…

Still unreachable

The connection could not be restored.

Session expired

The server has moved on; the page needs a fresh start.